 Dungeon Crawl Stone Soup version 0.22-a0-558-gc224181 (webtiles) character file.

21618 inc the Thaumaturge (level 12, -5/142 HPs)
             Began as a Gnoll Skald on June 27, 2018.
             Was an Initiate of Gozag.
             Killed from afar by a frost giant (40 damage)
             ... with a bolt of cold
             ... in an ice cave.
             The game lasted 00:47:11 (13530 turns).

inc the Thaumaturge (Gnoll Skald)                  Turns: 13530, Time: 00:47:12

Health: -5/142     AC: 15    Str: 22    XL:     12   Next: 91%
Magic:  14/25      EV: 13    Int: 20    God:    Gozag
Gold:   717        SH:  0    Dex: 16    Spells: 11/29 levels left

rFire    . . .     SeeInvis .   n - +5 lajatang (elec)
rCold    . . .     Gourm    .   (shield currently unavailable)
rNeg     . . .     Faith    .   m - +1 chain mail of the Swamp {Slay+3}
rPois    .         Spirit   .   (no helmet)
rElec    .         Reflect  .   (no cloak)
rCorr    .         Harm     .   B - +2 pair of gloves
MR       .....                  (no boots)
Stlth    ..........             o - amulet of regeneration
HPRegen  0.73/turn              A - +4 ring of strength
MPRegen  0.19/turn              (no ring)

@: berserking (expiring), infused, singing, gold aura, very quick
A: distributed training, fangs 1, strong nose
a: Potion Petition, Call Merchant, Bribe Branch, Renounce Religion


You were in an ice cave.
You worshipped Gozag.
Gozag was pleased with you.
You were not hungry.

You visited 4 branches of the dungeon, and saw 17 of its levels.
You also visited: Sewer and Ice Cave.

You collected 2509 gold pieces.
You spent 906 gold pieces at shops.
You paid 886 gold pieces to Gozag.

Inventory:

Hand Weapons
 a - a +2 whip of draining
 b - a +0 flail of holy wrath
 n - a +5 lajatang of electrocution (weapon)
 q - a +2 triple crossbow of flaming
 Z - a +0 flail of crushing
Armour
 g - the -2 pair of boots of Contentment {MR- Int+3}
   (You bought it in a shop on level 1 of the Orcish Mines)

   It affects your intelligence (+3).
   It affects your resistance to hostile enchantments.
 m - the +1 chain mail of the Swamp (worn) {Slay+3}
   (You bought it in a shop on level 1 of the Orcish Mines)

   It affects your accuracy and damage with ranged weapons and melee attacks
   (+3).
 s - a +0 ring mail
 t - a +0 shield
 x - a +1 leather armour of fire resistance
 B - a +2 pair of gloves (worn)
 U - the -3 pair of boots of Midwinter {rPois MR- Int+4 Dex+3}
   (You found it on level 10 of the Dungeon)

   It affects your intelligence (+4).
   It affects your dexterity (+3).
   It protects you from poison.
   It affects your resistance to hostile enchantments.
Jewellery
 o - an amulet of regeneration (around neck)
 y - an uncursed amulet of harm
 A - a +4 ring of strength (left hand)
 T - the ring of Daem {Fire rN+}
   (You found it on level 10 of the Dungeon)

   [ring of fire]

   It enhances your fire magic.
   It protects you from fire.
   It makes you vulnerable to cold.
   It protects you from negative energy.
Wands
 r - a wand of polymorph (30)
 v - a wand of clouds (6)
 D - a wand of random effects (77)
 F - a wand of flame (49)
 P - a wand of iceblast (19)
 W - a wand of digging (14)
Scrolls
 d - 4 scrolls of enchant weapon {unknown}
 h - 2 scrolls of noise {unknown}
 i - 3 scrolls of immolation
 j - a scroll of teleportation
 k - 6 scrolls of enchant armour
 p - 2 scrolls of blinking {unknown}
 w - 2 scrolls of remove curse
 C - 2 scrolls of amnesia
 E - a scroll of fog
 G - 4 scrolls of identify
 Q - a scroll of magic mapping
 R - a scroll of holy word {unknown}
 S - a scroll of torment {unknown}
Potions
 e - 4 potions of agility
 f - 5 potions of curing
 l - 3 potions of might
 u - 2 potions of flight
 I - a potion of ambrosia {unknown}
 J - 2 potions of brilliance
 M - a potion of cancellation {unknown}
 O - a potion of lignification
 V - a potion of invisibility {unknown}
 X - a potion of experience {unknown}
Miscellaneous
 z - a lamp of fire
Comestibles
 c - 14 rations


   Skills:
 + Level 9.0 Fighting
 + Level 7.6 Short Blades
 + Level 7.6 Long Blades
 + Level 7.6 Axes
 + Level 9.0 Maces & Flails
 + Level 7.6 Polearms
 + Level 7.6 Staves
 + Level 7.6 Slings
 + Level 7.6 Bows
 + Level 7.6 Crossbows
 + Level 7.6 Throwing
 + Level 8.1 Armour
 + Level 9.0 Dodging
 + Level 7.6 Stealth
 + Level 7.6 Shields
 + Level 7.6 Unarmed Combat
 + Level 9.2 Spellcasting
 + Level 6.3 Conjurations
 + Level 6.3 Hexes
 + Level 8.4 Charms
 + Level 6.3 Summonings
 + Level 6.3 Necromancy
 + Level 6.3 Translocations
 + Level 6.3 Transmutations
 + Level 6.3 Fire Magic
 + Level 6.3 Ice Magic
 + Level 6.3 Air Magic
 + Level 6.3 Earth Magic
 + Level 6.3 Poison Magic
 + Level 8.3 Invocations
 + Level 7.6 Evocations


You had 11 spell levels left.
You knew the following spells:

 Your Spells              Type           Power        Failure   Level  Hunger
a - Infusion              Chrm           ####         1%          1    None
b - Shroud of Golubria    Chrm/Tloc      #####.....   3%          2    None
c - Song of Slaying       Chrm           #####...     2%          2    None
d - Regeneration          Chrm/Necr      #####.....   8%          3    None
e - Spectral Weapon       Hex/Chrm       #####...     8%          3    None
f - Animate Dead          Necr           N/A          36%         4    ###....
g - Vampiric Draining     Necr           ####......   12%         3    None

Your spell library contained the following spells:

 Spells                   Type           Power        Failure   Level  Hunger
 Confuse                  Hex            ####....     12%         3    None
 Throw Frost              Conj/Ice       ####..       6%          2    None
 Pain                     Necr           ####         3%          1    None
 Animate Skeleton         Necr           N/A          3%          1    None
 Freeze                   Ice            ####         3%          1    None
 Summon Ice Beast         Ice/Summ       ####....     36%         4    ###....
 Ozocubu's Armour         Chrm/Ice       #####...     8%          3    None
 Throw Icicle             Conj/Ice       ####....     36%         4    ###....
 Confusing Touch          Hex            ####..       3%          1    None
 Metabolic Englaciation   Hex/Ice        ####......   71%         5    #####..
 Petrify                  Tmut/Erth      ####....     36%         4    ###....
 Gell's Gravitas          Tloc           ####......   12%         3    None
 Yara's Violent Unravell  Hex/Tmut       ####......   71%         5    #####..


Dungeon Overview and Level Annotations

Branches:
Dungeon (12/15)            Temple (1/1) D:7            Lair (3/6) D:11
  Swamp (0/4) Lair:2          Orc (1/2) D:11
  Snake: Lair:2-4    Spider: Lair:2-4

Altars:
Ashenzari
Dithmenos
Elyvilon
Gozag
Hepliaklqana
Kikubaaqudgha
Makhleb
Nemelex Xobeh
Okawaru
Qazlal
Ru
Trog
Uskayaw
Vehumet
Wu Jian
Xom
Yredelemnul
Zin
The Shining One
Jiyva

Shops:
D:5 %   D:9 !   Orc:1 ([

Annotations:
D:7 2 transporters
D:8 Erica
D:9 2 transporters
Lair:1 Fannar, Harold


Innate Abilities, Weirdness & Mutations

Your experience applies equally to all skills.
You have very sharp teeth.
Your uncanny sense of smell can sniff out nearby items.


Message History

You slash the yak!! Lightning courses through the yak!
You kill the yak!
The ice encasing you melts away.
The polar bear is no longer distracted by gold.
The frost giant hits you with a battleaxe of freezing!
* * * LOW HITPOINT WARNING * * *
The frost giant freezes you.
* * * LOW HITPOINT WARNING * * *
You see here 34 gold pieces.
You hit the frost giant.
Lightning courses through the frost giant!
The frost giant is moderately wounded.
The polar bear barely misses you.
The polar bear claws you but does no damage. x2
You slice the frost giant!!
The frost giant is heavily wounded.
The frost giant gestures at you while chanting.
The bolt of cold hits you!
You die...
Your body crumbles into a pile of gold.

≈≈≈≈≈#..#.##
≈#≈≈ #.##..#
≈≈≈≈ #.###.#
#≈≈ ##.#.##
#....#
##.#.#
###.## ##$#
##@# #hC#
#Y## #Y##
##.# #Y# .h#
Y.##


.kh You could see a frost giant, a polar bear and 2 yaks.

Vanquished Creatures
  A centaur warrior (D:10)
  2 two-headed ogres (D:11)
  2 death yaks (IceCv)
  The ghost of Turgon the Grappler, a novice TrFi of Ashenzari (D:10)
  Pikel (D:7)
  An orc sorcerer (Orc:1)
  A centaur skeleton (D:11)
  2 spiny frogs (Lair:2)
  A rime drake (IceCv)
  A komodo dragon (Lair:3)
  4 trolls
  9 polar bears
  A tyrant leech (Lair:2)
  4 blink frogs (Lair:1)
  3 hippogriffs
  A shadow (D:11)
  14 yaks
  2 wyverns
  Eustachio (D:5)
  A steam dragon (D:11)
  2 wargs (D:11)
  2 swamp worms (Lair:2)
  Menkaure (D:7)
  2 water moccasins
  2 porcupines
  Duvessa (D:7)
  5 ice beasts
  A black bear (D:8)
  A phantom (D:10)
  5 sky beasts
  2 eyes of draining (D:4)
  5 orc warriors
  2 necrophages (D:7)
  8 ogres
  9 centaurs
  12 wolves (IceCv)
  5 crocodiles
  4 big kobolds
  10 bullfrogs
  Dowan (D:7)
  2 scorpions
  A wyvern skeleton (D:6)
  A hornet simulacrum (D:10)
  2 howler monkeys (D:8)
  4 centaur zombies
  3 crimson imps (D:5)
  A quasit (D:5)
  8 orc priests
  4 hounds
  7 orc wizards
  3 bullfrog skeletons
  Ijyb (D:3)
  4 iguanas
  4 worker ants
  A bullfrog simulacrum (D:10)
  3 hound skeletons
  2 worker ant zombies
  3 gnolls (D:4)
  11 adders
  A river rat (D:4)
  3 shadow imps
  3 white imps (D:10)
  2 oozes
  2 adder zombies
  An adder skeleton (D:8)
  6 worms
  2 dart slugs
  11 leopard geckos
  40 orcs
  3 ball pythons (Sewer)
  13 giant cockroaches
  12 goblins
  12 hobgoblins
  7 jackals
  3 bats
  10 frilled lizards
  A jackal zombie (D:5)
  21 kobolds
  10 rats
361 creatures vanquished.

Vanquished Creatures (others)
  A water moccasin (D:7)
  3 slaves (D:7)
  2 wolves (IceCv)
  A bullfrog (D:7)
  A hound (D:7)
  2 spectral weapons
10 creatures vanquished.

Grand Total: 371 creatures vanquished

Notes
Turn   | Place    | Note
-------+----------+-------------------------------------------
     0 | D:1      | inc the Gnoll Skald began the quest for the Orb.
     0 | D:1      | Reached XP level 1. HP: 20/20 MP: 6/6
   345 | D:1      | Reached XP level 2. HP: 26/26 MP: 7/7
  1073 | D:1      | Reached XP level 3. HP: 31/31 MP: 9/9
  1152 | D:2      | Reached skill level 5 in Spellcasting
  1235 | D:2      | Learned a level 2 spell: Shroud of Golubria
  1238 | D:2      | Learned a level 2 spell: Song of Slaying
  1242 | D:2      | Learned a level 3 spell: Regeneration
  1246 | D:2      | Learned a level 3 spell: Spectral Weapon
  1300 | D:2      | Found a shadowy altar of Dithmenos.
  1396 | D:2      | Found a white marble altar of Elyvilon.
  1458 | D:2      | Reached skill level 1 in Invocations
  1510 | D:2      | Reached skill level 1 in Short Blades
  1510 | D:2      | Reached skill level 1 in Long Blades
  1510 | D:2      | Reached skill level 1 in Axes
  1510 | D:2      | Reached skill level 1 in Polearms
  1510 | D:2      | Reached skill level 1 in Staves
  1510 | D:2      | Reached skill level 1 in Slings
  1510 | D:2      | Reached skill level 1 in Bows
  1510 | D:2      | Reached skill level 1 in Crossbows
  1510 | D:2      | Reached skill level 1 in Throwing
  1510 | D:2      | Reached skill level 1 in Stealth
  1510 | D:2      | Reached skill level 1 in Shields
  1510 | D:2      | Reached skill level 1 in Unarmed Combat
  1510 | D:2      | Reached skill level 1 in Evocations
  1519 | D:2      | Reached XP level 4. HP: 38/38 MP: 4/11
  1700 | D:2      | Found a basalt altar of Yredelemnul.
  1953 | D:3      | Noticed Ijyb
  1972 | D:3      | Killed Ijyb
  1972 | D:3      | Reached skill level 1 in Conjurations
  1972 | D:3      | Reached skill level 1 in Hexes
  1972 | D:3      | Reached skill level 1 in Summonings
  1972 | D:3      | Reached skill level 1 in Necromancy
  1972 | D:3      | Reached skill level 1 in Translocations
  1972 | D:3      | Reached skill level 1 in Transmutations
  1972 | D:3      | Reached skill level 1 in Fire Magic
  1972 | D:3      | Reached skill level 1 in Ice Magic
  1972 | D:3      | Reached skill level 1 in Air Magic
  1972 | D:3      | Reached skill level 1 in Earth Magic
  1972 | D:3      | Reached skill level 1 in Poison Magic
  2025 | D:3      | Reached XP level 5. HP: 41/43 MP: 9/12
  2596 | D:3      | Found a faded altar of an unknown god.
  2741 | D:4      | Reached XP level 6. HP: 50/50 MP: 6/13
  2840 | D:4      | Found an ornate altar of the Wu Jian Council.
  3096 | D:4      | Reached skill level 5 in Fighting
  3096 | D:4      | Reached skill level 5 in Maces & Flails
  3096 | D:4      | Reached skill level 5 in Dodging
  3161 | D:4      | Found a glowing drain.
  3165 | Sewer    | Entered a sewer
  3395 | Sewer    | Reached XP level 7. HP: 26/56 MP: 12/15
  3599 | D:4      | Found a burning altar of Makhleb.
  3601 | D:4      | Found a glowing silver altar of Zin.
  3601 | D:4      | Noticed an angel
  3602 | D:4      | Noticed a green death
  3743 | D:4      | Found a bloodstained altar of Trog.
  3813 | D:5      | Entered Level 5 of the Dungeon
  4038 | D:5      | Reached XP level 8. HP: 63/63 MP: 16/16
  4044 | D:5      | Noticed Eustachio
  4073 | D:5      | Killed Eustachio
  4531 | D:5      | Found Xiod's Food Shoppe.
  4717 | D:6      | Found a sacrificial altar of Ru.
  4717 | D:6      | Found a radiant altar of Vehumet.
  4810 | D:6      | Reached XP level 9. HP: 64/69 MP: 11/18
  5006 | D:7      | Found a transporter.
  5011 | D:7      | Noticed a centaur warrior
  5012 | D:7      | Found an ancient bone altar of Kikubaaqudgha.
  5014 | D:7      | Found a transporter.
  5110 | D:7      | Noticed Menkaure
  5137 | D:7      | Noticed Pikel
  5164 | D:7      | Killed Pikel
  5164 | D:7      | Reached skill level 5 in Armour
  5303 | D:7      | Found a staircase to the Ecumenical Temple.
  5321 | Temple   | Entered the Ecumenical Temple
  5344 | Temple   | Became a worshipper of Gozag Ym Sagoz the Greedy
  5656 | D:7      | Noticed Duvessa
  5657 | D:7      | Noticed Dowan
  5669 | D:7      | Killed Duvessa
  5673 | D:7      | Killed Dowan
  5673 | D:7      | Reached skill level 5 in Invocations
  5815 | D:7      | Killed Menkaure
  5964 | D:7      | Reached XP level 10. HP: 77/77 MP: 20/20
  6378 | D:8      | Found a shimmering altar of Xom.
  6466 | D:8      | Noticed a two-headed ogre
  6597 | D:8      | Found a glowing golden altar of the Shining One.
  6664 | D:8      | Reached skill level 5 in Short Blades
  6664 | D:8      | Reached skill level 5 in Long Blades
  6664 | D:8      | Reached skill level 5 in Axes
  6664 | D:8      | Reached skill level 5 in Polearms
  6664 | D:8      | Reached skill level 5 in Staves
  6664 | D:8      | Reached skill level 5 in Slings
  6664 | D:8      | Reached skill level 5 in Bows
  6664 | D:8      | Reached skill level 5 in Crossbows
  6664 | D:8      | Reached skill level 5 in Throwing
  6664 | D:8      | Reached skill level 5 in Stealth
  6664 | D:8      | Reached skill level 5 in Shields
  6664 | D:8      | Reached skill level 5 in Unarmed Combat
  6664 | D:8      | Reached skill level 5 in Evocations
  6769 | D:8      | Noticed Erica
  6951 | D:9      | Found a transporter.
  6998 | D:9      | Found a transporter.
  7122 | D:9      | Found Kidd's Distillery.
  7133 | D:9      | Bought a potion of berserk rage for 70 gold pieces
  7133 | D:9      | Bought a potion of heal wounds for 70 gold pieces
  7133 | D:9      | Bought a potion of heal wounds for 70 gold pieces
  7133 | D:9      | Bought a potion of berserk rage for 70 gold pieces
  7226 | D:9      | Found a shimmering altar of Xom.
  7226 | D:9      | Noticed a green ugly thing
  7313 | D:10     | Entered Level 10 of the Dungeon
  7568 | D:10     | Noticed a centaur warrior
  7584 | D:10     | Killed a centaur warrior
  7673 | D:10     | Noticed Turgon's ghost (novice TrFi)
  7693 | D:10     | Found a runed gate.
  7693 | D:10     | Found a runed gate.
  7693 | D:10     | Found a runed gate.
  8133 | D:11     | Noticed a two-headed ogre
  8152 | D:11     | Killed a two-headed ogre
  8152 | D:11     | Reached XP level 11. HP: 63/84 MP: 12/22
  8536 | D:11     | Learned a level 4 spell: Animate Dead
  8549 | D:11     | Learned a level 3 spell: Vampiric Draining
  8652 | D:11     | Found a staircase to the Lair.
  8782 | D:11     | Reached skill level 5 in Conjurations
  8782 | D:11     | Reached skill level 5 in Hexes
  8782 | D:11     | Reached skill level 5 in Summonings
  8782 | D:11     | Reached skill level 5 in Necromancy
  8782 | D:11     | Reached skill level 5 in Translocations
  8782 | D:11     | Reached skill level 5 in Transmutations
  8782 | D:11     | Reached skill level 5 in Fire Magic
  8782 | D:11     | Reached skill level 5 in Ice Magic
  8782 | D:11     | Reached skill level 5 in Air Magic
  8782 | D:11     | Reached skill level 5 in Earth Magic
  8782 | D:11     | Reached skill level 5 in Poison Magic
  9075 | D:11     | Found a staircase to the Orcish Mines.
  9371 | D:11     | Noticed a purple ugly thing
  9598 | Lair:1   | Entered Level 1 of the Lair of Beasts
 10245 | D:10     | Got the ring of Daem {Fire}
 10341 | D:10     | Got a pair of scorched boots
 10348 | D:10     | Identified the -3 pair of boots of Midwinter {rPois MR- Int+4 Dex+3} (You found it on level 10 of the Dungeon)
 10353 | D:10     | Identified the ring of Daem {Fire rN+} (You found it on level 10 of the Dungeon)
 10405 | D:10     | Killed Turgon's ghost
 10580 | D:12     | Noticed a purple ugly thing
 10688 | Lair:1   | Noticed Harold
 10775 | Lair:1   | Noticed Fannar
 11366 | Lair:2   | Found a staircase to the Swamp.
 11379 | Lair:2   | Reached XP level 12. HP: 93/93 MP: 16/24
 11862 | Lair:3   | Noticed a six-headed hydra
 11915 | Lair:3   | Noticed a five-headed hydra
 12301 | Orc:1    | Entered Level 1 of the Orcish Mines
 12301 | Orc:1    | Noticed a two-headed ogre
 12328 | D:11     | Killed a two-headed ogre
 12828 | Orc:1    | Paralysed by an orc sorcerer for 2 turns
 12840 | Orc:1    | Paralysed by an orc sorcerer for 2 turns
 12852 | Orc:1    | Found a frozen archway.
 12867 | Orc:1    | Found Dempocso's Antique Weapon Emporium.
 12882 | Orc:1    | Bought a pair of encrusted boots for 313 gold pieces
 12887 | Orc:1    | Identified the -2 pair of boots of Contentment {MR- Int+3} (You bought it in a shop on level 1 of the Orcish Mines)
 12887 | Orc:1    | Bought a jewelled chain mail for 313 gold pieces
 12897 | Orc:1    | Identified the +1 chain mail of the Swamp {Slay+3} (You bought it in a shop on level 1 of the Orcish Mines)
 12899 | IceCv    | Entered an ice cave
 13025 | IceCv    | Noticed a death yak
 13043 | IceCv    | Killed a death yak
 13500 | IceCv    | Noticed a death yak
 13500 | IceCv    | Noticed a frost giant
 13518 | IceCv    | Killed a death yak
 13530 | IceCv    | Killed from afar by a frost giant

Vault maps used:
D:1:      ebering_hopf_link, serial_co_window_serial, co_window_paths_a,
          co_window_paths_b, co_window_cross_1, co_window_corner_a,
          co_window_paths_b, co_window_paths_c, co_window_corner_cb,
          co_window_paths_c, glass_columns_c, glass_columns_c, glass_columns_a,
          minmay_misc_feat_chi
D:2:      old_standard_altar, nicolae_dithmenos_shadow_blocks, elyvilon_altar_4
D:3:      chequers_ecumenical_altar_grove, uniq_ijyb
D:4:      grunt_temple_overflow_order_and_chaos_2, trog_eyes_of_draining,
          old_standard_altar, gup_sewer_entry_spiral, first_ration
D:5:      serial_shops, shop, uniq_eustachio
D:6:      gammafunk_temple_overflow_elements
D:7:      gammafunk_temple_overflow_arena, minmay_temple_entry_hall,
          kennysheep_generic_room_16, uniq_duvessa, uniq_pikel, uniq_menkaure
D:8:      overflow_temple_1_default, basic_altar, blue_anna_alchemist,
          uniq_erica
D:9:      gammafunk_steamed_eel, xom_butterflies, serial_shops,
          nicolae_shop_trees, kb_rosetta
D:10:     gammafunk_ghost_icy, small_chamber_with_monster
D:11:     erik_lair_dragon, minmay_orc_entry_guard_dogs
D:12:     kennysheep_generic_room_13, uniq_erolcha
Temple:   pf_slime_end_temple
Lair:1:   lemuel_ratsnest, serial_bayou_lagoon_b, uniq_fannar, uniq_harold
Lair:2:   minmay_swamp_entry_worms, grunt_forest_large_clearing_hut
Lair:3:   beast_lair_carwin_large_1, spider_nest_entry_a
Orc:1:    portal_ice_cave_entry_pillars_1, basic_altar, serial_shops,
          nicolae_shop_behind_doors
Sewer:    sewer_frog_island_01
IceCv:    ice_cave_caverns_03

Skill      XL: |  1  2  3  4  5  6  7  8  9 10 11 12 |
---------------+-------------------------------------+-----
Spellcasting   | 5 6 7 8 9 |  9.2
Invocations    | 1 2 3 4 5 6 7 8 |  8.3
Short Blades   | 1 2 3 4 5 6 7 |  7.6
Long Blades    | 1 2 3 4 5 6 7 |  7.6
Axes           | 1 2 3 4 5 6 7 |  7.6
Polearms       | 1 2 3 4 5 6 7 |  7.6
Staves         | 1 2 3 4 5 6 7 |  7.6
Slings         | 1 2 3 4 5 6 7 |  7.6
Bows           | 1 2 3 4 5 6 7 |  7.6
Crossbows      | 1 2 3 4 5 6 7 |  7.6
Throwing       | 1 2 3 4 5 6 7 |  7.6
Stealth        | 1 2 3 4 5 6 7 |  7.6
Shields        | 1 2 3 4 5 6 7 |  7.6
Unarmed Combat | 1 2 3 4 5 6 7 |  7.6
Evocations     | 1 2 3 4 5 6 7 |  7.6
Conjurations   | 1 2 3 4 5 6 |  6.3
Hexes          | 1 2 3 4 5 6 |  6.3
Summonings     | 1 2 3 4 5 6 |  6.3
Necromancy     | 1 2 3 4 5 6 |  6.3
Translocations | 1 2 3 4 5 6 |  6.3
Transmutations | 1 2 3 4 5 6 |  6.3
Fire Magic     | 1 2 3 4 5 6 |  6.3
Ice Magic      | 1 2 3 4 5 6 |  6.3
Air Magic      | 1 2 3 4 5 6 |  6.3
Earth Magic    | 1 2 3 4 5 6 |  6.3
Poison Magic   | 1 2 3 4 5 6 |  6.3
Armour         | 3 4 5 6 7 8 |  8.1
Fighting       | 5 6 7 8 9 |  9.0
Maces & Flails | 5 6 7 8 9 |  9.0
Dodging        | 5 6 7 8 9 |  9.0
Charms         | 6 7 8 |  8.4

Action                   |  1- 3 |  4- 6 |  7- 9 | 10-12 || total
-------------------------+-------+-------+-------+-------++-------
Melee: Mace              |   141 |    53 |       |       ||   194
       Bite              |     9 |    16 |    47 |   135 ||   207
       Punch             |     2 |     2 |     5 |    29 ||    38
       Whip              |       |   173 |   367 |   788 ||  1328
       Flail             |       |       |       |    13 ||    13
       Lajatang          |       |       |       |    35 ||    35
 Cast: Infusion          |     2 |     7 |    19 |    52 ||    80
       Shroud of Golubri |     1 |     8 |    20 |    62 ||    91
       Song of Slaying   |       |     1 |       |    16 ||    17
       Regeneration      |       |       |     4 |    14 ||    18
       Spectral Weapon   |       |       |     2 |    18 ||    20
Invok: Call Merchant     |       |       |       |     1 ||     1
Evoke: Wand              |       |       |       |     5 ||     5
  Use: Potion            |       |     2 |     1 |     7 ||    10
       Scroll            |       |       |     5 |    11 ||    16
 Stab: Sleeping          |     1 |     3 |     8 |     7 ||    19
       Distracted        |       |       |     1 |     9 ||    10
  Eat: Chunk             |     2 |     7 |     7 |       ||    16
       Ration            |       |       |     2 |     6 ||     8
Armor: Leather armour    |    19 |    58 |    98 |   138 ||   313
       Skin              |       |    10 |       |    16 ||    26
       Ring mail         |       |     4 |       |       ||     4
       Chain mail        |       |       |       |    95 ||    95
Dodge: Dodged            |   102 |   138 |   245 |   551 ||  1036

Table legend:
 A = Spawn XP
 B = Non-spawn XP
 C = Spawn XP percentage of total XP
 D = Spawn monster count
 E = Non-spawn monster count
 F = Spawn count percentage of total count
 G = Total turns spent on level
                    A         B        C        D         E        F      G
               +---------+---------+-------+---------+---------+-------+---------
         Total |       0 |   30884 |   0.0 |       0 |     361 |   0.0 | 13530
               +---------+---------+-------+---------+---------+-------+---------
           D:1 |       0 |      35 |   0.0 |       0 |      25 |   0.0 |  1145
           D:2 |       0 |      88 |   0.0 |       0 |      28 |   0.0 |   792
           D:3 |       0 |     143 |   0.0 |       0 |      25 |   0.0 |   702
           D:4 |       0 |     464 |   0.0 |       0 |      20 |   0.0 |   880
           D:5 |       0 |    1108 |   0.0 |       0 |      23 |   0.0 |   842
           D:6 |       0 |     549 |   0.0 |       0 |      18 |   0.0 |   298
           D:7 |       0 |    2193 |   0.0 |       0 |      28 |   0.0 |  1407
           D:8 |       0 |     848 |   0.0 |       0 |      16 |   0.0 |   466
           D:9 |       0 |    1494 |   0.0 |       0 |      12 |   0.0 |   460
          D:10 |       0 |    3378 |   0.0 |       0 |      27 |   0.0 |  1259
          D:11 |       0 |    6661 |   0.0 |       0 |      49 |   0.0 |  2304
          D:12 |       0 |     322 |   0.0 |       0 |       1 |   0.0 |    61
        Lair:1 |       0 |    1410 |   0.0 |       0 |       8 |   0.0 |   517
        Lair:2 |       0 |    2573 |   0.0 |       0 |      12 |   0.0 |  1073
        Lair:3 |       0 |     519 |   0.0 |       0 |       2 |   0.0 |    53
         Orc:1 |       0 |    1376 |   0.0 |       0 |      16 |   0.0 |   221
         Sewer |       0 |     228 |   0.0 |       0 |      20 |   0.0 |   294
         IceCv |       0 |    7495 |   0.0 |       0 |      31 |   0.0 |   631
               +---------+---------+-------+---------+---------+-------+---------
